 Dungeon Crawl Stone Soup version 0.30.0-18-gf1372a6a44 (webtiles) character file.

Game seed: 18326219225489125134

364 qw the Chopper (level 6, -5/38 HPs)
             Began as a Gargoyle Fighter on May 21, 2023.
             Slain by an iguana (7 damage)
             ... on level 4 of the Dungeon.
             The game lasted 00:01:50 (3307 turns).

qw the Chopper (Gargoyle Fighter)                   Turns: 3307, Time: 00:01:51

Health: -5/38      AC: 18    Str: 22    XL:     6   Next: 67%
Magic:  6/6        EV:  8    Int:  8    God:
Gold:   187        SH:  4    Dex:  9    Spells: 5/5 levels left

rFire   . . .        Y - +0 war axe
rCold   . . .        c - +0 buckler
rNeg    + . .        m - +0 chain mail
rPois   inf          i - +0 helmet
rElec   +            (no cloak)
rCorr   .            (no gloves)
SInv    .            (no boots)
Will    .....        (no amulet) Stlth
                     k - +4 ring of protection
HPRegen 0.26/turn    (no ring)
MPRegen 0.10/turn

%: no passive effects
@: about to teleport
A: sickness immunity, AC +4, negative energy resistance 1, electricity
resistance, torment resistance 1, petrification resistance
a: no special abilities


You were on level 4 of the Dungeon.
You visited 1 branch of the dungeon, and saw 4 of its levels.

You collected 187 gold pieces.


Innate Abilities, Weirdness & Mutations

You are immune to sickness and miasma.
Your stone body is resilient. (AC +4)
You are immune to poison.
You resist negative energy. (rN+)
You are resistant to electric shocks. (rElec)
You are resistant to unholy torment.
You are immune to petrification.


   Skills:
 - Level 4.0 Fighting
 - Level 6.0 Axes
 - Level 3.2 Armour
 + Level 0.0 Dodging
 - Level 3.2 Shields


You had 5 spell levels left.
You didn't know any spells.
Your spell library was empty.

Inventory:

Hand Weapons
 f - a +0 mace
 Y - a +0 war axe (weapon)
Armour
 c - a +0 buckler (worn)
 i - a +0 helmet (worn)
 m - a +0 chain mail (worn)
Jewellery
 k - a +4 ring of protection (left hand)
Scrolls
 a - a scroll of identify
 b - a scroll of silence {unknown}
 j - a scroll of teleportation
Potions
 d - a potion of might
 e - a potion of brilliance {unknown}
 g - a potion of heal wounds {unknown}
 h - 2 potions of curing {unknown}
 l - a potion of mutation {unknown}
 n - a potion of degeneration {unknown}
 o - a potion of attraction {unknown}

Dungeon Overview and Level Annotations

Branches:
Dungeon (4/15)
 Temple: D:4-7

Altars:
Qazlal

Annotations:
D:2 1 runed translucent door, Crazy Yiuf


Message History

The iguana bites you but does no damage.
The gnoll hits you with a +0 club.
You slash the gnoll!
You kill the gnoll!
You hit the iguana but do no damage.
The gnoll hits you from afar with a +0 spear.
You block the iguana's attack.
You hit the iguana.
The iguana is lightly wounded.
You hit the gnoll. The gnoll hits you but does no damage.
You block the iguana's attack. The gnoll hits you but does no damage.
You slash the gnoll!
You kill the gnoll!
You closely miss the iguana.
The gnoll hits you from afar with a +0 spear.
The iguana bites you but does no damage.
The iguana barely misses you. The gnoll hits you but does no damage.
Your Axes skill increases to level 6!
You barely miss the iguana.
The iguana is lightly wounded.
The gnoll hits you from afar with a +0 spear.
You block the iguana's attack.
You slash the iguana!
The iguana is severely wounded.
The iguana bites you but does no damage.
The gnoll completely misses you.
You barely miss the iguana.
The iguana is severely wounded.
The gnoll hits you from afar with a +0 spear.
The iguana bites you but does no damage.
You hit the iguana.
The iguana is almost dead.
The gnoll barely misses you. You block the iguana's attack.
The gnoll hits you but does no damage. The iguana bites you!
3307 ||| READING 2 scrolls of teleportation.
As you read the scroll of teleportation, it crumbles to dust.
You feel strangely unstable. The gnoll closely misses you.
The iguana bites you!
You die...

....... ....... .......
....... .......
......g############
...?..!l@.........#
..####)..........#
#...........#
#...........#
#......)....#......
#...........#......
#...........##.....
................##.....
..###...........##.....


You could see an iguana and a gnoll.

Vanquished Creatures
  A jelly (D:4)
  A hound (D:3)
  2 iguanas (D:4)
  An orc wizard (D:4)
  2 hound zombies (D:3)
  A hound skeleton (D:3)
  2 gnolls (D:4)
  4 adders
  An adder skeleton (D:3)
  2 adder zombies (D:3)
  3 worms
  2 dart slugs
  2 orcs (D:4)
  4 ball pythons
  6 endoplasms
  6 giant cockroaches
  13 goblins
  14 hobgoblins
  12 jackals
  8 kobolds
  3 quokkas
  4 bats
  4 frilled lizards
  9 rats
107 creatures vanquished.

Notes
Turn   | Place    | Note
-------+----------+-------------------------------------------
     0 | D:1      | qw the Gargoyle Fighter began the quest for the Orb.
     0 | D:1      | Reached XP level 1. HP: 14/14 MP: 1/1
     0 | D:1      | 0 ||| qw: Version: 0.2-a-98-g16b38d9
     0 | D:1      | 0 ||| qw: Game counter: 20
     0 | D:1      | 0 ||| qw: Always use a shield: true
     0 | D:1      | 0 ||| qw: God list: Okawaru
     0 | D:1      | 0 ||| qw: Allow faded altars: false
     0 | D:1      | 0 ||| qw: Do Orc after D:15 true
     0 | D:1      | 0 ||| qw: Do second Lair branch before Depths: true
     0 | D:1      | 0 ||| qw: Lair rune preference: random
     0 | D:1      | 0 ||| qw: Plans: Normal, Zot:1-4, God:TSO, Crypt, Tomb,
                  | Pan, Slime:5, Hells, Abyss, Win
     0 | D:1      | 0 ||| PLANNING D:1-11
    56 | D:1      | Reached skill level 2 in Axes
    85 | D:1      | 85 ||| DROPPING +0 club.
   155 | D:1      | Reached XP level 2. HP: 18/19 MP: 2/2
   347 | D:1      | 347 ||| Stepping ~*~*~tactically~*~*~ (stealth).
   358 | D:1      | Reached skill level 3 in Axes
   374 | D:1      | Reached XP level 3. HP: 23/23 MP: 3/3
   703 | D:1      | Found a faded altar of an unknown god.
   834 | D:1      | 834 ||| READING scroll labelled SIORPHANYET.
  1092 | D:2      | Reached XP level 4. HP: 18/28 MP: 4/4
  1167 | D:2      | Reached skill level 4 in Axes
  1470 | D:2      | 1470 ||| Stepping ~*~*~tactically~*~*~ (stealth).
  1537 | D:2      | 1537 ||| Stepping ~*~*~tactically~*~*~ (stealth).
  1561 | D:2      | Found a runed translucent door.
  1562 | D:2      | Noticed Crazy Yiuf
  1603 | D:2      | 1603 ||| Stepping ~*~*~tactically~*~*~ (stealth).
  1604 | D:2      | 1604 ||| Stepping ~*~*~tactically~*~*~ (stealth).
  1819 | D:2      | 1819 ||| UPGRADING to +0 helmet.
  1824 | D:2      | 1824 ||| UPGRADING to +0 chain mail.
  1834 | D:2      | 1834 ||| DROPPING +0 scale mail.
  1835 | D:2      | 1835 ||| UPGRADING to +4 ring of protection.
  1836 | D:2      | 1836 ||| READING scroll labelled MUODUMU BEUDEI.
  1864 | D:3      | 1864 ||| PLANNING SEWER
  1903 | D:3      | Reached XP level 5. HP: 32/32 MP: 5/5
  2038 | D:3      | Reached skill level 5 in Axes
  2157 | D:3      | 2157 ||| Stepping ~*~*~tactically~*~*~ (stealth).
  2205 | D:3      | 2205 ||| Stepping ~*~*~tactically~*~*~ (stealth).
  2206 | D:3      | 2206 ||| Stepping ~*~*~tactically~*~*~ (stealth).
  2207 | D:3      | 2207 ||| Stepping ~*~*~tactically~*~*~ (stealth).
  2302 | D:3      | 2302 ||| Stepping ~*~*~tactically~*~*~ (hiding).
  2381 | D:3      | 2381 ||| Stepping ~*~*~tactically~*~*~ (hiding).
  2631 | D:3      | 2631 ||| RIP SEWER
  2632 | D:3      | 2632 ||| PLANNING D:1-11
  2720 | D:3      | Reached XP level 6. HP: 38/38 MP: 6/6
  2810 | D:3      | 2810 ||| READING scroll labelled UVISASHETEDD.
  2811 | D:3      | 2811 ||| READING scroll labelled JUNUKU PAUCU.
  2812 | D:3      | 2812 ||| READING scroll labelled CESTOSS POAQO.
  2813 | D:3      | 2813 ||| READING scroll labelled ZUOXZE WAKO.
  2905 | D:4      | Found a stormy altar of Qazlal.
  3284 | D:4      | 3284 ||| Stepping ~*~*~tactically~*~*~ (hiding).
  3285 | D:4      | 3285 ||| Stepping ~*~*~tactically~*~*~ (hiding).
  3303 | D:4      | Reached skill level 6 in Axes
  3306 | D:4      | HP: 2/38 [iguana (8)]
  3307 | D:4      | 3307 ||| READING 2 scrolls of teleportation.
  3307 | D:4      | Slain by an iguana

Levels and vault maps discovered:
D:1:      shiori_arrival_maze, layout_loops_ring,
          hellmonk_ecumenical_altar_blasted
D:2:      layout_loops_ring, kennysheep_generic_room_6, uniq_crazy_yiuf_cottage
D:3:      layout_basic, serial_undead, serial_undead_f, serial_undead_d,
          serial_undead_c, serial_undead_b, serial_undead_f, serial_undead_e,
          serial_undead_c, serial_undead_b, gup_sewer_entry_bowl
D:4:      layout_basic, mainiacjoe_overflow_concentric_impassable, serial_shops,
          nicolae_shop_behind_doors

Skill      XL: |  1  2  3  4  5  6 |
---------------+-------------------+-----
Axes           | 2 3 4 5 6 |  6.0
Fighting       | 4 |  4.0
Armour         | |  3.2
Shields        | |  3.2

Action                     |  1- 3 |  4- 6 || total
---------------------------+-------+-------++-------
  Melee: War axe           |   122 |   221 ||   343
    Use: Scroll            |     1 |     6 ||     7
 Armour: Scale mail        |    62 |    35 ||    97
         Chain mail        |       |    95 ||    95
  Dodge: Dodged            |    54 |   111 ||   165
  Block: Buckler           |    25 |    47 ||    72

Table legend:
 A = Non-vault XP
 B = Vault XP
 C = Vault XP percentage of total XP
 D = Non-vault monster count
 E = Vault monster count
 F = Vault count percentage of total count
                 A         B        C        D         E       F
            +---------+---------+-------+---------+---------+-------
      Total |     430 |      91 |  17.5 |      93 |      14 |  13.1
            +---------+---------+-------+---------+---------+-------
        D:1 |      49 |       3 |   5.8 |      29 |       2 |   6.5
        D:2 |      85 |       4 |   4.5 |      25 |       3 |  10.7
        D:3 |      96 |      84 |  46.7 |      25 |       9 |  26.5
        D:4 |     200 |       0 |   0.0 |      14 |       0 |   0.0
            +---------+---------+-------+---------+---------+-------
